 Dungeon Crawl Stone Soup version 0.30.0-10-gfe55d96785 (webtiles) character file.

Game seed: 9232600886468859

57 Anandil the Firebug (level 3, -1/24 HPs)
             Began as a Demonspawn Fire Elementalist on May 11, 2023.
             Killed by divine providence
             ... invoked by an orc priest
              (13 damage)
             ... on level 3 of the Dungeon on May 13, 2023.
             The game lasted 00:09:24 (2112 turns).

Anandil the Firebug (Demonspawn Fire Elementalist)  Turns: 2112, Time: 00:09:24

Health: -1/24      AC: 14    Str:  8    XL:     3   Next: 73%
Magic:  5/6        EV: 10    Int: 18    God:
Gold:   128        SH:  5    Dex: 13    Spells: 3/6 levels left

rFire   . . .        c - +2 dagger (venom)
rCold   . . .        (no shield)
rNeg    . . .        j - quicksilver dragon scales
rPois   .            (no helmet)
rElec   +            u - +0 cloak
rCorr   .            (no gloves)
SInv    .            g - +1 pair of boots
Will    +....        d - amulet of reflection
Stlth   +            k - ring "Okhucuol" {Wiz rElec}
HPRegen 0.24/turn    (no ring)
MPRegen 0.20/turn

%: reflection, wizardry (x1)
@: no status effects
A: thin metallic scales 1, magic regeneration
a: no special abilities


You were on level 3 of the Dungeon.
You visited 1 branch of the dungeon, and saw 3 of its levels.

You collected 128 gold pieces.

Inventory:

Hand Weapons
 a - a +0 rapier
 c - a +2 dagger of venom (weapon)
Armour
 g - a +1 pair of boots (worn)
 j - quicksilver dragon scales (worn)
 u - a +0 cloak (worn)
Jewellery
 d - an amulet of reflection (around neck)
 k - the ring "Okhucuol" (left hand) {Wiz rElec}
   (You found it on level 2 of the Dungeon)

   [ring of wizardry]

   It improves your spell success rate.
   rElec:     It insulates you from electricity.
 t - a ring of wizardry
Scrolls
 f - a scroll of magic mapping {unknown}
 h - a scroll of amnesia {unknown}
 i - 3 scrolls of fog {unknown}
 l - a scroll of brand weapon {unknown}
 n - a scroll of enchant weapon {unknown}
 s - a scroll of summoning {unknown}
 w - a scroll of noise {unknown}
Potions
 b - a potion of magic
 e - 3 potions of heal wounds {unknown}
 m - a potion of brilliance {unknown}
 o - a potion of degeneration {unknown}
 p - a potion of berserk rage {unknown}
 q - 2 potions of might {unknown}
 r - 2 potions of haste {unknown}
 v - a potion of curing {unknown}
 x - a potion of invisibility {unknown}


   Skills:
 + Level 0.8 Armour
 - Level 2.0 Dodging
 - Level 1.9 Stealth
 + Level 2.4 Spellcasting
 * Level 2.0 Conjurations
 + Level 3.1 Fire Magic


You had 3 spell levels left.
You knew the following spells:

 Your Spells              Type           Power      Damage    Failure   Level
a - Foxfire               Conj/Fire      44%        2x1d6     8%          1
b - Scorch                Fire           26%        2d6       9%          2

Your spell library contained the following spells:

 Spells                   Type           Power      Damage    Failure   Level
 Shock                    Conj/Air       20%        1d4       14%         1
 Sting                    Tmut/Pois      8%         1d3       21%         1
 Poisonous Vapours        Pois/Air       4%         N/A       32%         2
 Inner Flame              Hex/Fire       7%         N/A       32%         3
 Volatile Blastmotes      Fire/Tloc      14%        2d11      32%         3
 Swiftness                Air            2%         N/A       52%         3
 Flame Wave               Conj/Fire      11%        2d6       56%         4
 Airstrike                Air            1%         2d(1-17)  88%         4
 Manifold Assault         Tloc           2%         N/A       88%         4
 Olgreb's Toxic Radiance  Pois           2%         N/A       88%         4
 Summon Forest            Summ/Tloc      1%         N/A       99%         5
 Malign Gateway           Summ/Tloc      1%         N/A       100%        7


Dungeon Overview and Level Annotations

Branches:
Dungeon (3/15)

Altars:

Shops:
D:2 [


Innate Abilities, Weirdness & Mutations

You are partially covered in thin metallic scales. (AC +2)
You regenerate magic rapidly.


Message History

You conjure some foxfire!
The foxfire hits the kobold.
You kill the kobold!
Casting: Foxfire (safe; 8% risk of failure)
Confirm with . or Enter, or press ? or * to list all spells.
Nothing appears to happen.
Unknown command.
You start resting.
Your foxfire dissipates!
You start resting.
Your magical contamination has completely faded away.
Magic restored.
You see here a ball python corpse.
An orc comes into view. It is wielding a +0 flail.
The orc shouts!
You hear a shout! x3
The orc moves out of view.
An orc comes into view. It is wielding a +0 hand axe.
There are monsters nearby!
Casting: Scorch (safe; 9% risk of failure)
Confirm with . or Enter, or press ? or * to list all spells.
Flames lash the orc.
You kill the orc!
Unknown command.
Casting: Scorch (safe; 9% risk of failure)
Confirm with . or Enter, or press ? or * to list all spells.
Flames lash the orc but do no damage.
An orc priest comes into view. It is wielding a +0 flail.
A hobgoblin comes into view.
Unknown command.
The orc attacks as you move away! The orc hits you but does no damage.
The orc attacks as you move away! The orc hits you with a +0 hand axe.
You see here a ball python corpse.
The orc attacks as you move away! The orc barely misses you.
The orc priest calls down the wrath of Beogh upon you.
Beogh smites you!
The orc priest miscasts a cantrip.
The orc attacks as you move away! The orc barely misses you.
The orc priest invokes the aid of Beogh against you.
Beogh smites you!
Ouch! That really hurt!
You die...

#...............
#.######........
#.######.#######
#.)g.go...#######.##)#
.######..####...........##.###
......†.>.###...####.........###
.####.###.##...o.....#.. #.#...
......# .##....######.# #.#..##.
##.##o###.##...#@#####.#
#.#..... #
#.....##..###...<..###.#..#
###.#.##.†.#.#...[........#
#g..##...............#..#
........###...#..#####†.#
g...###. #.......# #..# ##...#
.........# #..# #...#
###.......# #..## #...#
##...#..# #...#


You could see an orc priest and an orc.

Vanquished Creatures
  2 adders (D:2)
  A dart slug (D:1)
  An orc (D:3)
  4 ball pythons
  2 giant cockroaches
  4 hobgoblins (D:2)
  6 kobolds
  2 quokkas (D:1)
  3 bats
  4 frilled lizards
  3 goblins
  5 rats
37 creatures vanquished.

Vanquished Creatures (others)
  87 foxfires
87 creatures vanquished.

Grand Total: 124 creatures vanquished

Notes
Turn   | Place    | Note
-------+----------+-------------------------------------------
     0 | D:1      | Anandil the Demonspawn Fire Elementalist began the quest
                  | for the Orb.
     0 | D:1      | Reached XP level 1. HP: 13/13 MP: 3/3
     0 | D:1      | Upgraded the game from 0.30.0-5-g1a98f26d00 to
                  | 0.30.0-10-gfe55d96785
   245 | D:1      | Gained mutation: You are partially covered in thin metallic
                  | scales. (AC +2) [demonic ancestry]
   245 | D:1      | Reached XP level 2. HP: 19/19 MP: 3/5
   347 | D:1      | Learned a level 2 spell: Scorch
   938 | D:2      | Found Eklen's Armour Shop.
  1073 | D:2      | Identified the ring "Okhucuol" {Wiz rElec}
  1152 | D:2      | Found a faded altar of an unknown god.
  1152 | D:2      | Noticed a shining eye
  1178 | D:2      | Noticed a golden eye
  1183 | D:2      | Noticed a great orb of eyes
  1183 | D:2      | Noticed a shining eye
  1201 | D:2      | Reached skill level 3 in Fire Magic
  1336 | D:2      | Gained mutation: You regenerate magic rapidly. [demonic
                  | ancestry]
  1336 | D:2      | Reached XP level 3. HP: 24/24 MP: 1/6
  1511 | D:2      | Got the Grimoire of Blistering Geometries
  2112 | D:3      | Killed from afar by an orc priest

Illustrated notes

Levels and vault maps discovered:
D:1:      dpeg_arrival_pits, layout_basic, minmay_statues_item, minmay_tripent
D:2:      layout_basic, serial_shops, nicolae_shop_scrapyard,
          hellmonk_ecumenical_altar_watching_god
D:3:      layout_loops_ring, serial_shops, shop

Skill      XL: |  1  2  3 |
---------------+----------+-----
Dodging        | 2 |  2.0
Fire Magic     | 3 |  3.1
Conjurations   | 2 |  2.0
Armour         | |  0.8
Stealth        | |  1.9
Spellcasting   | |  2.4

Action                     || total
---------------------------++-------
   Cast: Foxfire           ||    55
         Scorch            ||     8
 Armour: Quicksilver drago ||     9
  Dodge: Dodged            ||     7
  Block: Other             ||     3
